[Event "45th FIDE Womens Olympiad 2024"]
[Site "Budapest"]
[Date "2024.09.12"]
[Round "2.234"]
[White "Mahi R. Shah"]
[Black "Torres Hernandez, Leslie Carolin"]
[Result "0-1"]
[ECO "A30"]
[WhiteElo "1602"]
[BlackElo "1891"]
[Annotator "NA"]
[PlyCount "82"]
[EventDate "2024.09.05"]
[EventType "team-tourn"]
[EventCountry "HUN"]
[SourceTitle "playchess.com"]
[Source "ChessBase"]
[SourceQuality "1"]
[WhiteTeam "Tanzania"]
[BlackTeam "Honduras"]
[WhiteTeamCountry "TAN"]
[BlackTeamCountry "HON"]
[TimeControl "40/5400+30:1800+30"]

1. d4 Nf6 2. c4 e6 3. Nf3 b6 4. g3 Bb7 5. Bg2 c5 6. O-O Be7 7. Bf4 O-O 8. Nc3 d5 9. cxd5 Nxd5 10. Nxd5 Bxd5 11. Qd3 cxd4 12. Nxd4 Bxg2 13. Kxg2 Bf6 14. Be3 Qd5+ 15. Kg1 Nd7 16. Qb3 Qb7 17. Nf3 Rac8 18. Rfd1 Nc5 19. Bxc5 Rxc5 20. Rac1 Rxc1 21. Rxc1 Rc8 22. Rd1 g6 23. h4 Qe4 24. Rd2 Rc1+ 25. Kg2 h6 26. Qb5 Qc6 27. Qb3 Kg7 28. Qa3 g5 29. hxg5 hxg5 30. g4 Qe4 31. Kh3 Rh1+ 32. Kg2 Rh4 33. Kf1 Qb1+ 34. Ne1 Rh1+ 35. Kg2 Qxe1 36. Qb4 Qf1+ 37. Kf3 Rh3+ 38. Ke4 Qxf2 39. Qf8+ Kxf8 40. Rd8+ Bxd8 41. e3 Qxe3# 0-1

[Event "45th FIDE Womens Olympiad 2024"]
[Site "Budapest"]
[Date "2024.09.12"]
[Round "2.235"]
[White "Cruz, Bitia"]
[Black "Bertha Samson Mkude"]
[Result "1-0"]
[ECO "C53"]
[WhiteElo "1736"]
[BlackElo "1459"]
[Annotator "NA"]
[PlyCount "83"]
[EventDate "2024.09.05"]
[EventType "team-tourn"]
[EventCountry "HUN"]
[SourceTitle "playchess.com"]
[Source "ChessBase"]
[SourceQuality "1"]
[WhiteTeam "Honduras"]
[BlackTeam "Tanzania"]
[WhiteTeamCountry "HON"]
[BlackTeamCountry "TAN"]
[TimeControl "40/5400+30:1800+30"]

1. e4 e5 2. Nf3 Nc6 3. Bc4 Bc5 4. c3 d6 5. Qb3 Nh6 6. d4 Na5 7. Qa4+ Bd7 8. Qxa5 Bb6 9. Qa3 Qe7 10. Bxh6 gxh6 11. Nbd2 Rg8 12. g3 Qf6 13. O-O-O Bg4 14. Be2 exd4 15. cxd4 Bxd4 16. Qa4+ c6 17. Qxd4 Qxd4 18. Nxd4 Bxe2 19. Nxe2 O-O-O 20. Nc4 Rg6 21. f4 b5 22. Nd2 Kb7 23. Nf3 Re6 24. e5 d5 25. Ned4 Ree8 26. Rhe1 Rf8 27. f5 Rde8 28. f6 a6 29. Nf5 h5 30. Nd6+ Kb6 31. Nxe8 Rxe8 32. Nh4 Re6 33. Nf5 Re8 34. Ne7 a5 35. e6 Rf8 36. exf7 Rxf7 37. Re6 a4 38. Rxc6+ Ka5 39. Rxd5 Kb4 40. a3+ Ka5 41. Rdd6 b4 42. Rc5# 1-0

[Event "45th FIDE Womens Olympiad 2024"]
[Site "Budapest"]
[Date "2024.09.12"]
[Round "2.237"]
[White "Swaminathan, Laia"]
[Black "Ravelomanana, Sabine"]
[Result "0-1"]
[ECO "D63"]
[WhiteElo "1620"]
[BlackElo "1926"]
[Annotator "NA"]
[PlyCount "106"]
[EventDate "2024.09.05"]
[EventType "team-tourn"]
[EventCountry "HUN"]
[SourceTitle "playchess.com"]
[Source "ChessBase"]
[SourceQuality "1"]
[WhiteTeam "Cayman Islands"]
[BlackTeam "Madagascar"]
[WhiteTeamCountry "CAY"]
[BlackTeamCountry "MAD"]
[TimeControl "40/5400+30:1800+30"]

1. d4 d5 2. c4 e6 3. Nc3 Nf6 4. Bg5 Be7 5. e3 O-O 6. Nf3 c6 7. Rc1 Nbd7 8. a3 Re8 9. Be2 dxc4 10. Bxc4 b5 11. Bd3 a6 12. O-O c5 13. Qc2 c4 14. Be4 Nxe4 15. Bxe7 Qxe7 16. Nxe4 Bb7 17. Ned2 f5 18. Rfe1 g5 19. h3 Qg7 20. Qd1 g4 21. hxg4 Qxg4 22. Qe2 Kh8 23. e4 Rg8 24. g3 f4 25. Nh2 Qh3 26. g4 Nf6 27. f3 h5 28. Qg2 hxg4 29. fxg4 Qh6 30. Kf2 Qh4+ 31. Kf3 Qg5 32. Kf2 Rg7 33. Ndf3 Nxg4+ 34. Nxg4 Qxg4 35. Qxg4 Rxg4 36. Ne5 Rg3 37. Rh1+ Kg7 38. Rhg1 Bxe4 39. Rxg3+ fxg3+ 40. Ke3 Bd5 41. Rf1 g2 42. Rf7+ Kg8 43. Kf2 a5 44. Rf4 b4 45. Rg4+ Kh7 46. Rh4+ Kg7 47. Rg4+ Kh6 48. Rh4+ Kg5 49. Rg4+ Kh5 50. Rg3 Rf8+ 51. Ke3 Rf1 52. Rh3+ Kg5 53. Rg3+ Kh4 0-1

[Event "45th FIDE Womens Olympiad 2024"]
[Site "Budapest"]
[Date "2024.09.12"]
[Round "2.239"]
[White "Majid, Zara"]
[Black "Randriatsiferana, Dimbiharentsoa Chris"]
[Result "0-1"]
[ECO "B07"]
[WhiteElo "1411"]
[BlackElo "1736"]
[Annotator "NA"]
[PlyCount "92"]
[EventDate "2024.09.05"]
[EventType "team-tourn"]
[EventCountry "HUN"]
[SourceTitle "playchess.com"]
[Source "ChessBase"]
[SourceQuality "1"]
[WhiteTeam "Cayman Islands"]
[BlackTeam "Madagascar"]
[WhiteTeamCountry "CAY"]
[BlackTeamCountry "MAD"]
[TimeControl "40/5400+30:1800+30"]

1. d4 Nf6 2. Bf4 g6 3. Nc3 Bg7 4. e4 d6 5. Qd2 h6 6. h4 Nbd7 7. O-O-O Nb6 8. f3 Bd7 9. g4 e5 10. dxe5 dxe5 11. Bxe5 Nxe4 12. Qe3 Bxe5 13. Qxe4 Qe7 14. Qxb7 Bxc3 15. bxc3 Qe3+ 16. Kb2 Na4+ 17. Ka3 Qxc3+ 18. Qb3 Qc5+ 19. Qb4 Qxb4+ 20. Kxb4 Rb8+ 21. Ka3 Nc3 22. Re1+ Kf8 23. Bc4 Nb1+ 24. Rxb1 Rxb1 25. Bb3 Kg7 26. Kb4 Re8 27. Ka5 Ree1 28. Ka6 Rxg1 29. Rxg1 Rxg1 30. Kxa7 Ra1 31. Kb7 Be6 32. Kxc7 Bxb3 33. axb3 Rc1 34. b4 Rxc2+ 35. Kb6 Kf8 36. b5 Ke7 37. Ka6 Ra2+ 38. Kb7 Kd7 39. b6 Ra3 40. f4 Ra4 41. Kb8 Kc6 42. b7 Rb4 43. Ka8 Rxb7 44. g5 hxg5 45. f5 Kc7 46. fxg6 Rb2 0-1

[Event "45th FIDE Womens Olympiad 2024"]
[Site "Budapest"]
[Date "2024.09.12"]
[Round "2.240"]
[White "Tsinjoviniavo, Aina Mahasambatra"]
[Black "Patil, Anvita Niranjan"]
[Result "1-0"]
[ECO "C45"]
[WhiteElo "1662"]
[BlackElo "1589"]
[Annotator "NA"]
[PlyCount "185"]
[EventDate "2024.09.05"]
[EventType "team-tourn"]
[EventCountry "HUN"]
[SourceTitle "playchess.com"]
[Source "ChessBase"]
[SourceQuality "1"]
[WhiteTeam "Madagascar"]
[BlackTeam "Cayman Islands"]
[WhiteTeamCountry "MAD"]
[BlackTeamCountry "CAY"]
[TimeControl "40/5400+30:1800+30"]

1. e4 e5 2. Nf3 Nc6 3. d4 exd4 4. Nxd4 Bc5 5. Nf5 Qf6 6. Nc3 Nge7 7. Be3 Bb4 8. Nxe7 Qxe7 9. Qd3 d6 10. O-O-O Be6 11. a3 Ba5 12. f4 O-O-O 13. b4 Bb6 14. Bxb6 axb6 15. f5 Bd7 16. Qc4 Ne5 17. Qb3 f6 18. Nd5 Qf7 19. Bc4 Qe8 20. b5 Nxc4 21. Qxc4 c6 22. Nxb6+ Kb8 23. Nxd7+ Qxd7 24. b6 c5 25. a4 Rhe8 26. a5 Qc6 27. Rhe1 Rd7 28. Rd5 Red8 29. Re3 Rh8 30. Rb3 Re8 31. Ra3 Rde7 32. a6 Rxe4 33. a7+ Ka8 34. Qa2 Re1+ 35. Rd1 Qe4 36. Rad3 Qf4+ 37. Kb2 Rxd1 38. Rxd1 Qxh2 39. Qf7 Qe5+ 40. Kb3 Qe3+ 41. Rd3 c4+ 42. Qxc4 Qxb6+ 43. Ka2 Kxa7 44. Qa4+ Qa6 45. Qxa6+ bxa6 46. Rxd6 Rb8 47. Ka3 Rb7 48. c4 Rb6 49. Re6 g6 50. c5 Rb5 51. Rxf6 Rxc5 52. Rf7+ Kb6 53. f6 h6 54. Rg7 Rg5 55. f7 Rg3+ 56. Kb4 Rg4+ 57. Kc3 Rf4 58. g3 Rf6 59. Kd4 g5 60. Rg6 Rxg6 61. f8=Q Rc6 62. Qd8+ Kb5 63. Qd5+ Kb6 64. Qb3+ Kc7 65. Ke5 a5 66. Qb5 Rb6 67. Qxa5 Kc6 68. Qd5+ Kc7 69. Kf5 Rd6 70. Qe5 Kc6 71. Kg4 Rd5 72. Qe4 Kc5 73. Qe7+ Kc4 74. Kh5 Rd4 75. Kxh6 g4 76. Kg5 Rd5+ 77. Kxg4 Rd4+ 78. Kh5 Rd5+ 79. Kh6 Rd3 80. g4 Rh3+ 81. Kg7 Rg3 82. g5 Rg4 83. Qe6+ Kd4 84. Qxg4+ Ke5 85. Kf7 Kd6 86. g6 Ke5 87. g7 Kd6 88. g8=Q Kd5 89. Q8g5+ Kd6 90. Qe6+ Kc7 91. Qge7+ Kb8 92. Qb6+ Ka8 93. Qeb7# 1-0

[Event "45th FIDE Womens Olympiad 2024"]
[Site "Budapest"]
[Date "2024.09.12"]
[Round "2.241"]
[White "Jop A., Laura Elizabeth"]
[Black "Yavo Tchetche, Marie"]
[Result "0-1"]
[ECO "E94"]
[WhiteElo "1686"]
[BlackElo "1686"]
[Annotator "NA"]
[PlyCount "134"]
[EventDate "2024.09.05"]
[EventType "team-tourn"]
[EventCountry "HUN"]
[SourceTitle "playchess.com"]
[Source "ChessBase"]
[SourceQuality "1"]
[WhiteTeam "Guatemala"]
[BlackTeam "Cote d/^Ivoire"]
[WhiteTeamCountry "GUA"]
[TimeControl "40/5400+30:1800+30"]

1. c4 Nf6 2. d4 g6 3. Nc3 Bg7 4. e4 d6 5. Nf3 O-O 6. Be2 Nbd7 7. O-O e5 8. Bg5 c6 9. Qd2 Re8 10. Rad1 Qc7 11. dxe5 dxe5 12. b4 h6 13. Bxh6 Ng4 14. Bxg7 Kxg7 15. h3 Ngf6 16. c5 Rh8 17. Ng5 Qd8 18. Bc4 Rf8 19. f4 exf4 20. Rxf4 Qe7 21. Qd4 Qe5 22. Qxe5 Nxe5 23. Bb3 Nh5 24. Rf2 f6 25. Nf3 Nf4 26. Nd4 g5 27. Nde2 Be6 28. Nxf4 Bxb3 29. axb3 gxf4 30. Rxf4 Rad8 31. Rxd8 Rxd8 32. b5 Rd3 33. bxc6 Rxc3 34. Rf2 Nxc6 35. Rd2 Ne5 36. b4 Rc4 37. b5 Rxe4 38. Ra2 Rb4 39. c6 Rxb5 40. c7 Rc5 41. Rxa7 Rxc7 42. Kh2 Kg6 43. Ra8 Kf5 44. Rb8 Nc6 45. Rf8 b5 46. g4+ Ke6 47. Re8+ Re7 48. Rc8 Kd5 49. Rf8 Ke5 50. Rc8 Re6 51. Rc7 Kf4 52. Rd7 b4 53. Rd5 b3 54. Rf5+ Ke4 55. Rb5 Nd4 56. Rb4 Kd3 57. Kg3 Kc3 58. Rb8 b2 59. Kf4 Kc2 60. Rc8+ Rc6 61. Rxc6+ Nxc6 62. Kf5 b1=Q 63. Kxf6 Qf1+ 64. Kg7 Qxh3 65. g5 Qf5 66. g6 Ne7 67. Kh8 Qf6+ 0-1

[Event "45th FIDE Womens Olympiad 2024"]
[Site "Budapest"]
[Date "2024.09.12"]
[Round "2.242"]
[White "Kouassi Edichy Berenice"]
[Black "Lopez L., Dairyn D."]
[Result "0-1"]
[ECO "A81"]
[WhiteElo "1528"]
[BlackElo "1740"]
[Annotator "NA"]
[PlyCount "74"]
[EventDate "2024.09.05"]
[EventType "team-tourn"]
[EventCountry "HUN"]
[SourceTitle "playchess.com"]
[Source "ChessBase"]
[SourceQuality "1"]
[WhiteTeam "Cote d/^Ivoire"]
[BlackTeam "Guatemala"]
[BlackTeamCountry "GUA"]
[TimeControl "40/5400+30:1800+30"]

1. d4 g6 2. Nf3 Bg7 3. g3 d6 4. Bg2 f5 5. Be3 Nf6 6. Nbd2 c6 7. c4 Na6 8. O-O O-O 9. Qb3 Kh8 10. Ne1 Qe8 11. Nd3 h6 12. Nf3 g5 13. Rac1 Nc7 14. Bd2 Ne4 15. Bc3 f4 16. d5 Nxc3 17. bxc3 e5 18. dxc6 bxc6 19. Nd2 Bf5 20. Qb7 Qe7 21. Qxc6 Rab8 22. Rb1 Rfc8 23. Rb7 Qd8 24. Rxa7 Nb5 25. Qa6 Nxa7 26. Qxa7 Rc7 27. Qa3 Qe7 28. Nb3 e4 29. Nb4 Rxc4 30. Rd1 Rxc3 31. Nd5 Qe5 32. Nxc3 Qxc3 33. Qxd6 Rf8 34. g4 Bh7 35. Rc1 Qb2 36. Qd2 Qf6 37. Qd4 Qxd4 0-1

[Event "45th FIDE Womens Olympiad 2024"]
[Site "Budapest"]
[Date "2024.09.12"]
[Round "2.243"]
[White "Raymundo, Deycy Daniela"]
[Black "Gba, Zotta Marcelle Auror"]
[Result "1-0"]
[ECO "C66"]
[WhiteElo "1728"]
[BlackElo "1427"]
[Annotator "NA"]
[PlyCount "40"]
[EventDate "2024.09.05"]
[EventType "team-tourn"]
[EventCountry "HUN"]
[SourceTitle "playchess.com"]
[Source "ChessBase"]
[SourceQuality "1"]
[WhiteTeam "Guatemala"]
[BlackTeam "Cote d/^Ivoire"]
[WhiteTeamCountry "GUA"]
[TimeControl "40/5400+30:1800+30"]

1. e4 e5 2. Nf3 Nc6 3. Nc3 Nf6 4. d4 exd4 5. Nxd4 d6 6. Bb5 Bd7 7. O-O a6 8. Ba4 b5 9. Bb3 b4 10. Nd5 Nxe4 11. Re1 Nxd4 12. Qxd4 c6 13. Qxe4+ Be6 14. Nf4 d5 15. Nxe6 fxe6 16. Qxe6+ Be7 17. Bg5 Ra7 18. Qxc6+ Rd7 19. Rxe7+ Kf8 20. Rxd7 Ke8 1-0

[Event "45th FIDE Womens Olympiad 2024"]
[Site "Budapest"]
[Date "2024.09.12"]
[Round "2.245"]
[White "Magne Kouokam Sylviane"]
[Black "Chuemsakul, Sarocha"]
[Result "0-1"]
[ECO "D32"]
[WhiteElo "1587"]
[BlackElo "1906"]
[Annotator "NA"]
[PlyCount "108"]
[EventDate "2024.09.05"]
[EventType "team-tourn"]
[EventCountry "HUN"]
[SourceTitle "playchess.com"]
[Source "ChessBase"]
[SourceQuality "1"]
[WhiteTeam "Cameroon"]
[BlackTeam "Thailand"]
[WhiteTeamCountry "CAM"]
[BlackTeamCountry "THA"]
[TimeControl "40/5400+30:1800+30"]

1. d4 d5 2. c4 e6 3. Nf3 Nf6 4. Nc3 c5 5. cxd5 exd5 6. Bf4 Be7 7. e3 c4 8. a4 a6 9. Be2 Qb6 10. Qc1 Nc6 11. O-O O-O 12. Ne5 Na5 13. Ra2 Bf5 14. Bf3 Rfd8 15. Bg5 Nb3 16. Qe1 Be6 17. Qd1 h6 18. Bxf6 Bxf6 19. Ng4 Be7 20. Ne5 Rab8 21. Bg4 Bf6 22. Bxe6 Qxe6 23. f4 b5 24. a5 Re8 25. e4 dxe4 26. f5 Qc8 27. Nxe4 Bxe5 28. dxe5 Rxe5 29. Nd6 Qc5+ 30. Kh1 Rd5 31. Qg4 Qxd6 32. f6 g6 33. Re1 Qxf6 34. Kg1 Rbd8 35. h3 Rg5 36. Qe2 Rd2 37. Qe8+ Kg7 38. Re2 Rxe2 39. Qxe2 Nc1 40. Qc2 Nxa2 41. Qd2 c3 42. bxc3 Nxc3 43. Qe3 Rf5 44. Kh2 Qe5+ 45. Qg3 Qxg3+ 46. Kxg3 b4 47. Kh4 b3 48. g4 b2 49. gxf5 b1=Q 50. fxg6 Qe1+ 51. Kg4 Kxg6 52. h4 f5+ 53. Kh3 Ne4 54. h5+ Kg5 0-1

[Event "45th FIDE Womens Olympiad 2024"]
[Site "Budapest"]
[Date "2024.09.12"]
[Round "2.246"]
[White "Prommuang, Araya"]
[Black "Danwe Maissiri Carole"]
[Result "1-0"]
[ECO "C80"]
[WhiteElo "1753"]
[BlackElo "1456"]
[Annotator "NA"]
[PlyCount "53"]
[EventDate "2024.09.05"]
[EventType "team-tourn"]
[EventCountry "HUN"]
[SourceTitle "playchess.com"]
[Source "ChessBase"]
[SourceQuality "1"]
[WhiteTeam "Thailand"]
[BlackTeam "Cameroon"]
[WhiteTeamCountry "THA"]
[BlackTeamCountry "CAM"]
[TimeControl "40/5400+30:1800+30"]

1. e4 e5 2. Nf3 Nc6 3. Bb5 Nf6 4. O-O a6 5. Ba4 Be7 6. c3 Nxe4 7. Re1 Nc5 8. Bxc6 dxc6 9. Nxe5 O-O 10. d4 Ne6 11. Be3 Bd7 12. Nd2 f5 13. Ndf3 Ng5 14. Bxg5 Bxg5 15. Qb3+ Kh8 16. Nxg5 Qxg5 17. Nf7+ Rxf7 18. Qxf7 f4 19. Qxd7 Qg6 20. Re6 Qh5 21. Rae1 h6 22. Re8+ Rxe8 23. Qxe8+ Qxe8 24. Rxe8+ Kh7 25. Rf8 g5 26. Rf7+ Kg6 27. Rxc7 1-0

[Event "45th FIDE Womens Olympiad 2024"]
[Site "Budapest"]
[Date "2024.09.12"]
[Round "2.247"]
[White "Tchouateu Tankeu Stephanie"]
[Black "Mekarapiruk, Nathasha"]
[Result "0-1"]
[ECO "D45"]
[WhiteElo "1565"]
[BlackElo "1728"]
[Annotator "NA"]
[PlyCount "110"]
[EventDate "2024.09.05"]
[EventType "team-tourn"]
[EventCountry "HUN"]
[SourceTitle "playchess.com"]
[Source "ChessBase"]
[SourceQuality "1"]
[WhiteTeam "Cameroon"]
[BlackTeam "Thailand"]
[WhiteTeamCountry "CAM"]
[BlackTeamCountry "THA"]
[TimeControl "40/5400+30:1800+30"]

1. d4 d5 2. c4 e6 3. Nf3 Nf6 4. Nc3 Be7 5. cxd5 exd5 6. e3 c6 7. Be2 Bf5 8. Qb3 Qb6 9. Qxb6 axb6 10. a3 b5 11. Na2 b4 12. axb4 Bxb4+ 13. Bd2 Bd6 14. O-O Nbd7 15. Bb4 Ke7 16. Bxd6+ Kxd6 17. Rfc1 h6 18. Ne1 Ra7 19. Bd3 Bxd3 20. Nxd3 Rha8 21. Ndb4 Nb8 22. Rc3 b6 23. Ra3 Rxa3 24. bxa3 Ra6 25. a4 Rxa4 26. Nc2 Ra3 27. Nab4 Rxa1+ 28. Nxa1 c5 29. dxc5+ Kxc5 30. Nac2 Nc6 31. Nxc6 Kxc6 32. Kf1 Kc5 33. Ke2 Kc4 34. f3 b5 35. Kd1 b4 36. Kc1 b3 37. Nd4 Kd3 38. Nxb3 Kxe3 39. Nd2 Kf2 40. g4 Nd7 41. Kc2 Ne5 42. Kc3 Nxf3 43. Nxf3 Kxf3 44. Kd4 Kxg4 45. Kxd5 Kh3 46. Kd6 Kxh2 47. Ke7 f5 48. Kf7 f4 49. Kxg7 f3 50. Kxh6 f2 51. Kg5 f1=R 52. Kg4 Kg2 53. Kg5 Kg3 54. Kh5 Kf4 55. Kh4 Rh1# 0-1

[Event "45th FIDE Womens Olympiad 2024"]
[Site "Budapest"]
[Date "2024.09.12"]
[Round "2.249"]
[White "Miladi, Amen"]
[Black "Nihaya, Ahmed"]
[Result "1-0"]
[ECO "C53"]
[WhiteElo "1851"]
[BlackElo "1589"]
[Annotator "NA"]
[PlyCount "69"]
[EventDate "2024.09.05"]
[EventType "team-tourn"]
[EventCountry "HUN"]
[SourceTitle "playchess.com"]
[Source "ChessBase"]
[SourceQuality "1"]
[WhiteTeam "Tunisia"]
[BlackTeam "Maldives"]
[WhiteTeamCountry "TUN"]
[BlackTeamCountry "MDV"]
[TimeControl "40/5400+30:1800+30"]

1. e4 e5 2. Nf3 Nc6 3. Bc4 Bc5 4. c3 Qe7 5. O-O Nf6 6. d4 Bb6 7. Re1 h6 8. a4 a5 9. Na3 d6 10. Bb5 Bd7 11. Nc4 Ba7 12. Ne3 Nb8 13. Nf5 Qf8 14. dxe5 Ng4 15. Be3 Bxe3 16. Nxe3 Nxe5 17. Nxe5 Bxb5 18. axb5 dxe5 19. Qd5 Nd7 20. Qxb7 Rb8 21. Qxc7 Qc5 22. Qxc5 Nxc5 23. Nc4 f6 24. Rxa5 O-O 25. b4 Ne6 26. Nd6 Rfd8 27. Nf5 Rd7 28. c4 Nf4 29. g3 Nd3 30. Rb1 h5 31. c5 g6 32. Nd6 Rbd8 33. Ra3 Rxd6 34. cxd6 Rxd6 35. Rd1 1-0

[Event "45th FIDE Womens Olympiad 2024"]
[Site "Budapest"]
[Date "2024.09.12"]
[Round "2.251"]
[White "Ben Amor, Meriem"]
[Black "Aishath Iva Hassan"]
[Result "0-1"]
[ECO "B12"]
[WhiteElo "1733"]
[BlackElo "1422"]
[Annotator "NA"]
[PlyCount "68"]
[EventDate "2024.09.05"]
[EventType "team-tourn"]
[EventCountry "HUN"]
[SourceTitle "playchess.com"]
[Source "ChessBase"]
[SourceQuality "1"]
[WhiteTeam "Tunisia"]
[BlackTeam "Maldives"]
[WhiteTeamCountry "TUN"]
[BlackTeamCountry "MDV"]
[TimeControl "40/5400+30:1800+30"]

1. e4 c6 2. d4 d5 3. f3 e5 4. dxe5 Bc5 5. Ne2 Ne7 6. Nf4 Ng6 7. Nxg6 hxg6 8. exd5 cxd5 9. Nc3 Be6 10. Na4 Qh4+ 11. g3 Qxa4 12. Qe2 Qc4 13. Qd2 Qd4 14. Bb5+ Nc6 15. Qe2 O-O 16. Bxc6 bxc6 17. h4 Rfe8 18. Rb1 Bf5 19. Bf4 Re6 20. Qh2 Rae8 21. g4 Rxe5+ 22. Bxe5 Rxe5+ 23. Kf1 Qc4+ 24. Kg2 Re2+ 25. Kh3 Rxh2+ 26. Rxh2 Qf4 27. Kg2 Bxc2 28. Rbh1 Bd3 29. h5 g5 30. h6 g6 31. h7+ Kh8 32. Ra1 Be2 33. Rh3 Qe3 34. a4 Qf2+ 0-1

[Event "45th FIDE Womens Olympiad 2024"]
[Site "Budapest"]
[Date "2024.09.12"]
[Round "2.252"]
[White "Aini Munthazim"]
[Black "Gamha, Yasmine"]
[Result "0-1"]
[ECO "B23"]
[WhiteElo "1536"]
[BlackElo "1679"]
[Annotator "NA"]
[PlyCount "60"]
[EventDate "2024.09.05"]
[EventType "team-tourn"]
[EventCountry "HUN"]
[SourceTitle "playchess.com"]
[Source "ChessBase"]
[SourceQuality "1"]
[WhiteTeam "Maldives"]
[BlackTeam "Tunisia"]
[WhiteTeamCountry "MDV"]
[BlackTeamCountry "TUN"]
[TimeControl "40/5400+30:1800+30"]

1. e4 c5 2. Nc3 Nc6 3. f4 g6 4. Nf3 Bg7 5. Bc4 e6 6. d3 Nge7 7. Be3 d5 8. exd5 exd5 9. Nxd5 Nxd5 10. Bxd5 Qxd5 11. c3 Bf5 12. d4 cxd4 13. cxd4 O-O 14. h4 Nb4 15. Kf2 Nc2 16. Rc1 Nxe3 17. Kxe3 Qe4+ 18. Kf2 Qxf4 19. d5 Bxb2 20. Rc5 Qb4 21. Rc7 Qb6+ 22. Kf1 Qxc7 23. h5 Qc1 24. Qxc1 Bxc1 25. Kf2 Ba3 26. Ng5 Be7 27. Nf3 Be4 28. Re1 Bc5+ 29. Kg3 Bxd5 30. Re5 Bd6 0-1

[Event "45th FIDE Womens Olympiad 2024"]
[Site "Budapest"]
[Date "2024.09.12"]
[Round "2.254"]
[White "Blackman, Katrina"]
[Black "Wahid, Chelsea"]
[Result "1-0"]
[ECO "C01"]
[WhiteElo "1814"]
[BlackElo "1482"]
[Annotator "NA"]
[PlyCount "55"]
[EventDate "2024.09.05"]
[EventType "team-tourn"]
[EventCountry "HUN"]
[SourceTitle "playchess.com"]
[Source "ChessBase"]
[SourceQuality "1"]
[WhiteTeam "Barbados"]
[BlackTeam "Saint Lucia"]
[WhiteTeamCountry "BAR"]
[TimeControl "40/5400+30:1800+30"]

1. e3 e5 2. d4 exd4 3. exd4 d5 4. Nf3 Bd6 5. Bd3 Nf6 6. Bg5 h6 7. Bh4 O-O 8. O-O Nc6 9. c3 Re8 10. Nbd2 Be6 11. Re1 Be7 12. Qc2 Qd6 13. Bg3 Qd7 14. Ne5 Nxe5 15. Bxe5 Ng4 16. Nf3 Bd6 17. h3 Nxe5 18. Nxe5 Bxe5 19. Rxe5 Bxh3 20. gxh3 Qxh3 21. Bf5 Qh4 22. Rae1 Rxe5 23. Rxe5 Qg5+ 24. Kf1 g6 25. Be6 Qh4 26. Bxd5 Qh3+ 27. Bg2 Qg4 28. Re3 1-0